 Seeded DCSS version 0.30-a0-390-g80c34de65d (webtiles) character file.

Game seed: 15918642794639691568 (custom seed)

71 purpskrrrp the Conjurer (level 4, -2/30 HPs)
             Began as a Demonspawn Conjurer on Dec 4, 2022.
             Slain by Pikel
             ... wielding a +1 whip of flaming
              (6 damage)
             ... on level 3 of the Dungeon.
             The game lasted 00:04:29 (3167 turns).

purpskrrrp the Conjurer (Demonspawn Conjurer)       Turns: 3167, Time: 00:04:29

Health: -2/30      AC:  4    Str:  9    XL:     4   Next: 5%
Magic:  6/7        EV: 16    Int: 21    God:
Gold:   82         SH:  0    Dex: 12    Spells: 6/7 levels left

rFire   . . .      SeeInvis .    (no weapon)
rCold   . . .      Faith    .    (no shield)
rNeg    . . .      Spirit   .    g - +2 robe {Will+}
rPois   .          Reflect  .    (helmet restricted)
rElec   .          Harm     .    (no cloak)
rCorr   .          Rampage  .    (no gloves)
Will    +....                    (no boots)
Stlth   ++........               (no amulet)
HPRegen 0.25/turn                j - +4 ring of evasion
MPRegen 0.10/turn                (no ring)

@: about to teleport
A: horns 1, big brain 1
a: no special abilities


You were on level 3 of the Dungeon.
You visited 1 branch of the dungeon, and saw 4 of its levels.

You collected 142 gold pieces.
You spent 60 gold pieces at shops.

Inventory:

Armour
 a - a +0 robe
 g - a +2 robe of willpower (worn)
Jewellery
 j - a +4 ring of evasion (left hand)
Scrolls
 m - a scroll of amnesia
 n - a scroll of identify
 q - a scroll of enchant armour {unknown}
 r - a scroll of poison {unknown}
 s - a scroll of magic mapping {unknown}
 t - a scroll of butterflies {unknown}
Potions
 b - a potion of magic
 c - 3 potions of attraction {unknown}
 d - a potion of might {unknown}
 e - a potion of lignification {unknown}
 f - a potion of degeneration {unknown}
 h - a potion of heal wounds {unknown}
 l - a potion of mutation {unknown}
 o - a potion of flight
 p - a potion of berserk rage {unknown}


   Skills:
 - Level 1.7 Dodging
 - Level 1.7 Stealth
 - Level 2.0 Spellcasting
 + Level 5.6 Conjurations


You had 6 spell levels left.
You knew the following spells:

 Your Spells              Type           Power      Damage    Failure   Level
a - Magic Dart            Conj           100%       1d8       1%          1

Your spell library contained the following spells:

 Spells                   Type           Power      Damage    Failure   Level
 Searing Ray              Conj           50%        2d6       2%          2
 Shock                    Conj/Air       56%        1d6       4%          1
 Dazzling Flash           Conj/Hex       28%        N/A       14%         3
 Swiftness                Air            2%         N/A       41%         3
 Fulminant Prism          Conj/Hex       7%         3d7       41%         4
 Iskenderun's Mystic Bla  Conj/Tloc      14%        2d5       41%         4
 Airstrike                Air            1%         2d(1-17)  82%         4


Dungeon Overview and Level Annotations

Branches:
Dungeon (4/15)
 Temple: D:4-7

Altars:

Shops:
D:3 *

Annotations:
D:3 Pikel


Innate Abilities, Weirdness & Mutations

You have a pair of small horns on your head.
You have an unusually large brain. (Int +2)


Message History

Aiming: Magic Dart (safe; 1% risk of failure)
Press: ? - help, Shift-Dir - straight line, f/p - lemure
Aim: a lemure (moderately wounded, 100% to hit)
The magic dart hits the lemure.
The lemure is heavily wounded.
The lemure hits you.
Pikel says, "You'll rust in Dis!"
You climb upwards.
There is a stone staircase leading down here.
You start resting.
HP restored.
You start resting.
Magic restored.
There is a stone staircase leading down here.
You climb downwards.
Level annotation: Pikel
There is a stone staircase leading up here.
Pikel hits you with a +1 whip of flaming!
Pikel burns you.
You climb upwards.
There is a stone staircase leading down here.
You can't go up here!
Casting: Magic Dart (safe; 1% risk of failure)
Confirm with . or Enter, or press ? or * to list all spells.
Aiming: Magic Dart (safe; 1% risk of failure)
Press: ? - help, Shift-Dir - straight line, f - Pikel
Aim: Pikel, wielding a +1 whip of flaming and wearing a +0 robe (100% to hit)
The magic dart hits Pikel but does no damage.
Pikel hits you with a +1 whip of flaming!
Pikel burns you.
* * * LOW HITPOINT WARNING * * *
You feel better.
Pikel hits you with a +1 whip of flaming!
* * * LOW HITPOINT WARNING * * *
Pikel burns you.
* * * LOW HITPOINT WARNING * * *
As you read the scroll of teleportation, it crumbles to dust.
You feel strangely unstable.
Pikel hits you with a +1 whip of flaming.
You die...

~#####~~~~###..###..#
~~~~~~~~###..).##..##
#~~~##### ##...##.##
##### #.#.#..#
#####...#.##
########.......#.#
~~~~~....###.#.#.#
~~########...#.#.#
####.# #..###.#@# #.#
##.####.K.#
#.###..###..###
####.##..###.)..#
........####.##.###
#.>.....###..##...#
##~.~.......#####.#
#..~~............##
##.....~~.#######..#


You could see Pikel.

Vanquished Creatures
  A lemure (D:4)
  An adder (D:2)
  A worm (D:2)
  2 dart slugs
  5 endoplasms
  3 giant cockroaches (D:2)
  4 goblins
  2 hobgoblins
  7 jackals
  7 kobolds
  A quokka (D:3)
  6 ball pythons
  5 bats
  2 frilled lizards
  2 rats
49 creatures vanquished.

Notes
Turn   | Place    | Note
-------+----------+-------------------------------------------
     0 | D:1      | purpskrrrp the Demonspawn Conjurer began the quest for the
                  | Orb.
     0 | D:1      | Reached XP level 1. HP: 13/13 MP: 3/3
    83 | D:1      | Found a faded altar of an unknown god.
   252 | D:1      | Gained mutation: You have an unusually large brain. (Int
                  | +2) [demonic ancestry]
   252 | D:1      | Reached XP level 2. HP: 19/19 MP: 3/5
  1292 | D:2      | Reached skill level 5 in Conjurations
  1323 | D:2      | Gained mutation: You have a pair of small horns on your
                  | head. [demonic ancestry]
  1323 | D:2      | Reached XP level 3. HP: 24/24 MP: 3/6
  2346 | D:3      | Found Sipp's General Store.
  2352 | D:3      | Bought a scroll of identify for 24 gold pieces
  2352 | D:3      | Bought a potion of flight for 36 gold pieces
  2571 | D:3      | Reached XP level 4. HP: 30/30 MP: 3/7
  2900 | D:4      | Noticed a lemure
  2901 | D:4      | Noticed a lemure
  2913 | D:4      | Killed a lemure
  3077 | D:4      | Noticed a lemure
  3078 | D:4      | Noticed Pikel
  3079 | D:4      | Noticed a lemure
  3167 | D:3      | Slain by Pikel

Illustrated notes

Levels and vault maps discovered:
D:1:      shiori_arrival_maze, layout_basic, ebering_ecumenical_altar_mist
D:2:      layout_loops_ring
D:3:      layout_rooms, serial_rivers, chequers_serial_rivers_large_b,
          chequers_serial_rivers_micro_c, chequers_serial_rivers_micro_b,
          chequers_serial_rivers_micro_c, chequers_serial_rivers_small_a,
          chequers_serial_rivers_marsh, serial_shops, shop,
          chequers_decorated_corner
D:4:      layout_basic, grunt_gozag_breadcrumbs,
          minmay_temple_entry_sparse_star, kennysheep_path_1, uniq_natasha,
          uniq_grinder, uniq_pikel

Skill      XL: |  1  2 |
---------------+-------+-----
Conjurations   | 5 |  5.6
Dodging        | |  1.7
Stealth        | |  1.7
Spellcasting   | |  2.0

Action                   |  1- 3 |  4- 6 || total
-------------------------+-------+-------++-------
Melee: Unarmed           |    59 |    11 ||    70
       Headbutt          |     3 |     2 ||     5
 Cast: Magic Dart        |    77 |    19 ||    96
  Use: Scroll            |     4 |     1 ||     5
       Potion            |       |     1 ||     1
 Stab: Sleeping          |     1 |       ||     1
Armor: Robe              |    18 |     3 ||    21
Dodge: Dodged            |    56 |    11 ||    67

Table legend: (Time is in decaauts)
 A = Elapsed time spent in this place.
 B = Non-inter-level travel time spent in this place.
 C = Inter-level travel time spent in this place.
 D = Time resting spent in this place.
 E = Time spent auto-exploring this place.
 F = Levels seen in this place.
 G = Mean time per level.
                   A        B        C        D        E       F      G
               +--------+--------+--------+--------+--------+-----+--------+
         Total |   3198 |   3087 |    111 |    472 |   2239 |   4 |  799.5 |
       Dungeon |   3198 |   3087 |    111 |    472 |   2239 |   4 |  799.5 |
               +--------+--------+--------+--------+--------+-----+--------+

Top non-repeatable levels by time:
     D:2: 1300 daAuts
     D:1: 938 daAuts
     D:3: 757 daAuts
     D:4: 201 daAuts
